[Event "November 21 Early 2023"]
[Site "https://www.chess.com"]
[Date "2023.11.21"]
[Round "11"]
[White "dumbernugget"]
[Black "Shishkov, Andrei"]
[Result "0-1"]
[Board "104"]
[TimeControl "180+1"]
[BlackFideId "4500563"]
[WhiteElo "2307"]
[BlackElo "2241"]
[BlackTeam "EST"]
[WhiteClock "0:00:09"]
[BlackClock "0:00:08"]

1. d4 Nf6 2. c4 e6 3. Nc3 Bb4 4. e3 O-O 5. Nf3 c5 6. Bd3 b6 7. O-O Bb7 8. Na4 cxd4 9. exd4 Re8 10. a3 Bf8 11. Bf4 d6 12. Rc1 Nbd7 13. Re1 Rc8 14. b4 Bxf3 15. Qxf3 e5 16. dxe5 Nxe5 17. Bxe5 dxe5 18. Bf5 Rc7 19. Red1 Qe7 20. c5 e4 21. Qe3 bxc5 22. Nxc5 Qe5 23. Bh3 Bxc5 24. bxc5 Nd5 25. Qd2 Nf4 26. Bg4 Nd3 27. Rc4 Rxc5 28. Rxc5 Qxc5 29. Qe2 f5 30. Bxf5 Nf4 31. Qg4 Nd3 32. Qe2 Nf4 33. Qg4 Qe5 34. g3 Nd3 35. Bd7 Rf8 36. Be6+ Kh8 37. Rf1 h5 38. Qh3 Rf6 39. Bg4 Rh6 40. Be2 Qd4 41. Bxd3 exd3 42. Qf5 Rf6 43. Qc8+ Kh7 44. Qh3 Kh6 45. Qc8 d2 46. Qc2 Rxf2 47. Rxf2 d1=Q+ 48. Kg2 Qxc2 49. Rxc2 Qe4+ 0-1

[Event "November 21 Early 2023"]
[Site "https://www.chess.com"]
[Date "2023.11.21"]
[Round "11"]
[White "Skibbe, Willi"]
[Black "Swicarz, Maciej"]
[Result "1-0"]
[Board "105"]
[TimeControl "180+1"]
[WhiteFideId "4682190"]
[BlackFideId "1113585"]
[WhiteElo "2286"]
[BlackElo "2127"]
[WhiteTeam "GER"]
[BlackTeam "POL"]
[WhiteClock "0:00:15"]
[BlackClock "0:00:11"]

1. e4 c5 2. c3 Nf6 3. e5 Nd5 4. Nf3 d6 5. exd6 e6 6. d4 cxd4 7. Nxd4 Bxd6 8. Bd3 O-O 9. Nd2 Bd7 10. Ne4 Be7 11. O-O Nc6 12. Nf3 Qc7 13. Bg5 h6 14. Bxe7 Ndxe7 15. Qe2 Rfd8 16. Rad1 Ne5 17. Bb1 a6 18. Nd6 N5g6 19. h4 Bc6 20. h5 Nf4 21. Qe5 Bxf3 22. gxf3 Ned5 23. c4 Qxd6 24. Qe4 Qe7 25. Qh7+ Kf8 26. Qh8# 1-0

[Event "November 21 Early 2023"]
[Site "https://www.chess.com"]
[Date "2023.11.21"]
[Round "11"]
[White "Kopczynski, Michal"]
[Black "Jimenez Fernandez, Rebeca"]
[Result "1-0"]
[Board "106"]
[TimeControl "180+1"]
[WhiteFideId "1124200"]
[BlackFideId "32070934"]
[WhiteElo "2174"]
[BlackElo "2015"]
[WhiteTeam "POL"]
[BlackTeam "ESP"]
[WhiteClock "0:00:53"]
[BlackClock "0:00:21"]

1. e4 g6 2. d4 Bg7 3. e5 d6 4. f4 dxe5 5. fxe5 c5 6. c3 cxd4 7. cxd4 Nc6 8. Nf3 Bg4 9. Bb5 Nh6 10. d5 a6 11. dxc6 Qxd1+ 12. Kxd1 axb5 13. cxb7 Rb8 14. Bf4 O-O 15. e6 Rxb7 16. exf7+ Rxf7 17. Bxh6 Bxh6 18. Nd2 Bxd2 19. Kxd2 Bxf3 20. gxf3 Rxf3 21. Rhf1 Rxf1 22. Rxf1 Kg7 23. Kc3 e5 24. Kb4 e4 25. Re1 Re7 26. Kxb5 Rb7+ 27. Kc5 Rxb2 28. a4 Rxh2 29. a5 Ra2 30. Kb6 Rb2+ 31. Kc7 Rb4 32. a6 Kf6 33. a7 Ra4 34. Kb7 Kf5 35. a8=Q Rxa8 36. Kxa8 h5 37. Kb7 h4 38. Kc6 g5 39. Kd5 g4 40. Rf1+ Kg5 41. Kxe4 h3 42. Rf8 g3 43. Kf3 g2 44. Kf2 Kg4 45. Rg8+ Kh4 46. Kg1 Kh5 47. Kh2 Kh4 48. Rg3 g1=Q+ 49. Rxg1 Kh5 50. Kxh3 1-0

[Event "November 21 Early 2023"]
[Site "https://www.chess.com"]
[Date "2023.11.21"]
[Round "11"]
[White "Florianovitz, Derlei Alex"]
[Black "Preobrazhenska_D2011"]
[Result "0-1"]
[Board "107"]
[TimeControl "180+1"]
[WhiteFideId "2114178"]
[WhiteElo "1953"]
[BlackElo "2451"]
[WhiteTeam "BRA"]
[WhiteClock "0:00:00"]
[BlackClock "0:00:06"]

1. e4 c5 2. Nf3 d6 3. d4 cxd4 4. Nxd4 Nf6 5. Nc3 a6 6. h3 h5 7. g3 e5 8. Nde2 b5 9. Bg2 Bb7 10. O-O Nbd7 11. Be3 Be7 12. Qd2 Nb6 13. Bxb6 Qxb6 14. Nd5 Nxd5 15. exd5 Rc8 16. Nc3 b4 17. Ne4 Qb5 18. Rad1 Qc4 19. b3 Qb5 20. f4 exf4 21. Qxf4 Qb6+ 22. Kh2 O-O 23. Qf5 g6 24. Nf6+ Bxf6 25. Qxf6 Rxc2 26. Kh1 Qc5 27. Be4 Re2 28. Bf3 Rxa2 29. Rc1 Qe3 30. Qxd6 Qd2 31. g4 hxg4 32. hxg4 Qh6+ 33. Kg1 Qe3+ 34. Kh1 Kg7 35. Bg2 Rh8+ 0-1

[Event "November 21 Early 2023"]
[Site "https://www.chess.com"]
[Date "2023.11.21"]
[Round "11"]
[White "Feliz Dotel, Dewar Bienvenido"]
[Black "Reprintsev, Alexander"]
[Result "0-1"]
[Board "108"]
[TimeControl "180+1"]
[WhiteFideId "6402801"]
[BlackFideId "14100541"]
[WhiteElo "2069"]
[BlackElo "2229"]
[WhiteTeam "DOM"]
[BlackTeam "UKR"]
[WhiteClock "0:00:00"]
[BlackClock "0:00:05"]

1. d4 d5 2. e3 Nf6 3. Nf3 Bg4 4. h3 Bh5 5. g4 Bg6 6. Ne5 Nbd7 7. h4 h5 8. Nxg6 fxg6 9. Bd3 Qb8 10. Bxg6+ Kd8 11. g5 Ne4 12. Nd2 Nxd2 13. Bxd2 c6 14. Qf3 Qd6 15. a3 Qxg6 16. O-O-O e6 17. Rhe1 Bd6 18. e4 Rf8 19. Qd3 Bf4 20. Qb3 Kc7 21. exd5 exd5 22. Bxf4+ Rxf4 23. Re7 Qd6 24. Rde1 Raf8 25. Qa4 a6 26. Qa5+ Kb8 27. Rxg7 Rxf2 28. Kb1 Rf1 29. Rh7 Rxe1+ 30. Qxe1 Ka7 31. Rxh5 Nb6 32. Rh6 Qf4 33. Qb4 Qf1+ 34. Ka2 Rf2 35. Rh7 Qc4+ 36. Qxc4 Nxc4 37. g6 Rxc2 38. g7 Rxb2+ 39. Ka1 Rg2 40. h5 Nxa3 41. h6 Nb5 42. Kb1 Nc3+ 43. Kc1 Ne2+ 44. Kd1 Nxd4 45. Rh8 Nf5 46. Ra8+ Kxa8 47. h7 Rxg7 48. h8=Q+ Ka7 49. Qf8 Rg1+ 50. Kd2 Rg2+ 51. Ke1 Rg5 52. Qf6 Rh5 53. Qg6 Rh1+ 54. Kf2 Nd6 55. Qg2 Rb1 56. Ke3 Nc4+ 57. Kd4 Rb5 58. Qg1 a5 59. Qa1 Nb6 60. Qg1 a4 61. Qa1 Ra5 62. Qa3 Nc4 63. Qa1 a3 64. Kc3 a2 65. Kb4 Ka6 66. Qh8 c5+ 67. Kb3 Ra3+ 68. Kc2 a1=Q 69. Qa8+ Kb6 70. Qd8+ Kb5 71. Qd7+ Ka5 72. Qc7+ Nb6 73. Qxc5+ Ka6 0-1

[Event "November 21 Early 2023"]
[Site "https://www.chess.com"]
[Date "2023.11.21"]
[Round "11"]
[White "Grochal, Joey"]
[Black "Matthes, Aaron"]
[Result "0-1"]
[Board "109"]
[TimeControl "180+1"]
[WhiteFideId "1019945"]
[BlackFideId "16227310"]
[WhiteElo "2231"]
[BlackElo "2356"]
[WhiteTeam "NED"]
[BlackTeam "GER"]
[WhiteClock "0:00:38"]
[BlackClock "0:00:16"]

1. e4 c6 2. d4 d5 3. Nc3 dxe4 4. Nxe4 Nf6 5. Nxf6+ exf6 6. c3 Bd6 7. Bd3 O-O 8. Ne2 Bg4 9. h3 Bh5 10. Be3 Nd7 11. Qc2 Bg6 12. O-O-O a5 13. h4 a4 14. a3 b5 15. h5 Bxd3 16. Qxd3 Nb6 17. g4 Nc4 18. Rde1 Qe7 19. Kb1 Rfe8 20. Bc1 c5 21. Qd1 Qe4+ 22. Qc2 Qxg4 23. dxc5 Bxc5 24. Nf4 Qf3 25. h6 g6 26. Nd3 Bd6 27. Rhg1 Rad8 28. Be3 Bxa3 29. Bd4 Rxe1+ 30. Rxe1 f5 31. Ka2 Bf8 32. Bf6 Rxd3 33. Re8 Qd5 34. Qe2 Na3+ 35. c4 Qxc4+ 36. b3 Qxb3+ 37. Ka1 Rd1+ 38. Qxd1 Qxd1+ 39. Ka2 Qb1# 0-1

[Event "November 21 Early 2023"]
[Site "https://www.chess.com"]
[Date "2023.11.21"]
[Round "11"]
[White "Begunov, Konstantin"]
[Black "mkllnd1517"]
[Result "1-0"]
[Board "110"]
[TimeControl "180+1"]
[WhiteFideId "4118510"]
[WhiteElo "1989"]
[BlackElo "2360"]
[WhiteTeam "RUS"]
[WhiteClock "0:00:21"]
[BlackClock "0:00:05"]

1. d4 Nf6 2. c4 e6 3. Nf3 d5 4. Nc3 Be7 5. cxd5 exd5 6. Bg5 c6 7. Qc2 g6 8. e3 Bf5 9. Bd3 Bxd3 10. Qxd3 O-O 11. O-O Nbd7 12. Rab1 a5 13. a3 a4 14. Qc2 b5 15. Bh6 Re8 16. e4 dxe4 17. Nxe4 Nxe4 18. Qxe4 Bf8 19. Qf4 Nb6 20. Bxf8 Rxf8 21. Qh6 Qf6 22. Ne5 Rfd8 23. Rbd1 c5 24. Ng4 Qe6 25. Qf4 cxd4 26. Rfe1 Qd6 27. Nf6+ Kg7 28. Ne8+ Rxe8 29. Qxd6 Nc4 30. Qxd4+ Kg8 31. Rxe8+ Rxe8 32. h4 h5 33. g3 Re2 34. Qf6 1-0

[Event "November 21 Early 2023"]
[Site "https://www.chess.com"]
[Date "2023.11.21"]
[Round "11"]
[White "Dmitrenko, Viktor"]
[Black "Luukkonen, Tommi"]
[Result "1-0"]
[Board "111"]
[TimeControl "180+1"]
[WhiteFideId "14110270"]
[BlackFideId "501808"]
[WhiteElo "2292"]
[BlackElo "2219"]
[WhiteTeam "UKR"]
[BlackTeam "FIN"]
[WhiteClock "0:00:17"]
[BlackClock "0:00:00"]

1. e4 c5 2. Nf3 d6 3. Bb5+ Nd7 4. O-O Nf6 5. Re1 a6 6. Bxd7+ Bxd7 7. c3 Bc6 8. d4 Bxe4 9. Bg5 d5 10. Nbd2 Bg6 11. Ne5 e6 12. Qf3 Be7 13. dxc5 O-O 14. c6 b5 15. Bxf6 gxf6 16. Ng4 Kh8 17. c7 Qxc7 18. Nxf6 Kg7 19. Nh5+ Bxh5 20. Qxh5 Rg8 21. Re3 Kh8 22. Qxf7 Raf8 23. Qxe6 Qf4 24. Qe5+ Qxe5 25. Rxe5 Bc5 26. Rf1 Rd8 27. Nf3 Rg6 28. Rd1 Rgd6 29. Nd4 Rf8 30. f3 Kg7 31. Kf2 Kg6 32. g4 b4 33. Kg3 bxc3 34. bxc3 h6 35. Nf5 Rdf6 36. Rdxd5 1-0

[Event "November 21 Early 2023"]
[Site "https://www.chess.com"]
[Date "2023.11.21"]
[Round "11"]
[White "Dwilewicz, Katarzyna"]
[Black "Miszler, Levente"]
[Result "1-0"]
[Board "112"]
[TimeControl "180+1"]
[WhiteFideId "1148486"]
[BlackFideId "763276"]
[WhiteElo "2098"]
[BlackElo "2186"]
[WhiteTeam "POL"]
[BlackTeam "HUN"]
[WhiteClock "0:00:05"]
[BlackClock "0:01:07"]

1. e4 e5 2. Nf3 Nc6 3. Bc4 Bc5 4. c3 Nf6 5. d4 exd4 6. e5 Qe7 7. cxd4 Bb4+ 8. Nc3 d6 9. O-O dxe5 10. dxe5 Ng4 11. Nd5 Qd8 12. Nxb4 Qxd1 13. Rxd1 Nxb4 14. h3 Nh6 15. Bxh6 gxh6 16. Nd4 Bd7 17. a3 Nc6 18. e6 fxe6 19. Nxe6 Bxe6 20. Bxe6 Ke7 21. Bd5 Rad8 22. Rd2 Rd6 23. Re1+ Kf6 24. Rd3 Rhd8 25. Rf3+ Kg7 26. Bxc6 Rxc6 27. Re7+ Kg8 28. Rff7 Rd1+ 29. Kh2 Rd2 30. Rg7+ Kf8 31. Rgf7+ Kg8 32. b4 Rcc2 33. Rg7+ Kf8 34. Ref7+ Ke8 35. Rxc7 Rxc7 36. Rxc7 Rxf2 37. Rxb7 a6 38. Rxh7 Ra2 39. Ra7 Rxa3 40. b5 a5 41. b6 Rb3 42. b7 Kd8 43. Ra8+ Kc7 44. Rxa5 Rb6 45. Rc5+ Kxb7 46. Kg3 Rg6+ 47. Kf3 Kb6 48. Rc4 Kb5 49. Rc8 Rf6+ 50. Kg4 Rg6+ 51. Kf3 Kb6 52. g4 Rf6+ 53. Kg3 Kb7 54. Rc2 Ra6 55. Rc3 Rf6 56. h4 Kb6 57. g5 hxg5 58. hxg5 Rf1 59. Kg4 Rg1+ 60. Kf5 Kb5 61. Kg6 Rf1 62. Kg7 Rg1 63. g6 Rg3 64. Rxg3 1-0

[Event "November 21 Early 2023"]
[Site "https://www.chess.com"]
[Date "2023.11.21"]
[Round "11"]
[White "Palacio,Igor Da Paz"]
[Black "Darmanin, Jake"]
[Result "0-1"]
[Board "113"]
[TimeControl "180+1"]
[WhiteFideId "2121140"]
[BlackFideId "5601061"]
[WhiteElo "2126"]
[BlackElo "2119"]
[WhiteTeam "BRA"]
[BlackTeam "MLT"]
[WhiteClock "0:00:00"]
[BlackClock "0:01:13"]

1. e4 e5 2. Nf3 Nc6 3. Bb5 a6 4. Ba4 Nf6 5. O-O Be7 6. Re1 b5 7. Bb3 d6 8. c3 O-O 9. d3 Na5 10. Bc2 c5 11. Nbd2 Re8 12. Nf1 g6 13. Ne3 Bf8 14. a4 Nc6 15. h3 b4 16. Nc4 Be6 17. Bg5 Rb8 18. Nfd2 h6 19. Bxf6 Qxf6 20. Ne3 Ne7 21. Ndc4 d5 22. exd5 Nxd5 23. Nxd5 Bxd5 24. Ne3 Be6 25. Ng4 Bxg4 26. Qxg4 bxc3 27. bxc3 Rb2 28. Re2 e4 29. dxe4 Qxc3 30. Rc1 Bg7 31. Qd7 Reb8 32. Qd3 Qe5 33. Bd1 R2b4 34. Qxa6 Rxe4 35. Rxe4 Qxe4 36. Bf3 Qd4 37. Qc4 Rb1 38. Qc2 Rb2 0-1

[Event "November 21 Early 2023"]
[Site "https://www.chess.com"]
[Date "2023.11.21"]
[Round "11"]
[White "Pace, Christopher"]
[Black "Shapiro, Daniel"]
[Result "1-0"]
[Board "114"]
[TimeControl "180+1"]
[WhiteFideId "2610167"]
[BlackFideId "2001780"]
[WhiteElo "2416"]
[BlackElo "2336"]
[WhiteTeam "CAN"]
[BlackTeam "USA"]
[WhiteClock "0:00:26"]
[BlackClock "0:00:00"]

1. e4 c5 2. Nf3 Nc6 3. d4 cxd4 4. Nxd4 Nf6 5. Nc3 d6 6. f3 Qb6 7. Nb3 e6 8. a4 a6 9. a5 Qc7 10. Be3 Nd7 11. Na4 Nxa5 12. Nxa5 Qxa5+ 13. b4 Qc7 14. c4 b6 15. Be2 Be7 16. O-O O-O 17. Rc1 Bb7 18. Qe1 Rab8 19. Qf2 Bc8 20. Rfd1 Re8 21. Nc3 Bb7 22. f4 Nf6 23. Bxb6 Qc8 24. Bd3 Ng4 25. Qg3 Bc6 26. c5 Nf6 27. e5 dxe5 28. fxe5 Nd5 29. Nxd5 Bxd5 30. Bf1 g6 31. Ra1 Bb7 32. h4 Bd8 33. Bxd8 Rxd8 34. Rd6 Rxd6 35. exd6 Qc6 36. Rd1 Ra8 37. h5 a5 38. h6 1-0

[Event "November 21 Early 2023"]
[Site "https://www.chess.com"]
[Date "2023.11.21"]
[Round "11"]
[White "Estrada Nieto, Julian"]
[Black "Maect19"]
[Result "1-0"]
[Board "115"]
[TimeControl "180+1"]
[WhiteFideId "5101018"]
[WhiteElo "2161"]
[BlackElo "2335"]
[WhiteTeam "ESP"]
[WhiteClock "0:00:41"]
[BlackClock "0:00:22"]

1. e4 e5 2. Nf3 Nc6 3. Bb5 Nge7 4. Nc3 g6 5. d4 exd4 6. Nd5 Bg7 7. Bg5 h6 8. Bf6 Bxf6 9. Nxf6+ Kf8 10. Qd2 Kg7 11. Nxd4 d6 12. Qc3 Ne5 13. f4 Kxf6 14. fxe5+ dxe5 15. O-O-O Qf8 16. Nf3 Kg7 17. Nxe5 Kh7 18. Rhf1 Be6 19. Bc4 Bxc4 20. Qxc4 f5 21. Rd7 Rd8 22. Qxc7 Rxd7 23. Qxd7 Qd8 24. Rd1 Qe8 25. exf5 gxf5 26. Qxb7 Rg8 27. Qxa7 Rg7 28. Qf2 Qb5 29. Nf3 Nd5 30. Nd4 Qa4 31. Qxf5+ Kh8 32. Qxd5 1-0

[Event "November 21 Early 2023"]
[Site "https://www.chess.com"]
[Date "2023.11.21"]
[Round "11"]
[White "Hoffmann, Asa"]
[Black "Rios Escobar, Adan"]
[Result "1-0"]
[Board "116"]
[TimeControl "180+1"]
[WhiteFideId "2001470"]
[BlackFideId "3403645"]
[WhiteElo "2117"]
[BlackElo "2414"]
[WhiteTeam "USA"]
[BlackTeam "CHI"]
[WhiteClock "0:01:16"]
[BlackClock "0:00:01"]

1. d4 Nf6 2. Bg5 e6 3. Nd2 c5 4. e3 Nc6 5. c3 Qb6 6. Rb1 d5 7. f4 Be7 8. Ngf3 Bd7 9. Bd3 c4 10. Bc2 Qc7 11. O-O b5 12. Ne5 a5 13. e4 h6 14. Bxf6 gxf6 15. Nxd7 Qxd7 16. exd5 Qxd5 17. Be4 Qd7 18. Qh5 f5 19. Bf3 Rb8 20. a4 b4 21. Nxc4 Nxd4 22. Ne5 Nxf3+ 23. Rxf3 Bc5+ 24. Kh1 Qc7 25. Re1 Rb6 26. Nc4 Ra6 27. Qxf5 Be7 28. Qb5+ Qc6 29. Qb8+ Bd8 30. Rd1 Ke7 31. Rfd3 Bc7 32. Qxh8 Ra8 33. Rd7+ Qxd7 34. Rxd7+ Kxd7 35. Qxa8 Bxf4 36. Qxa5 bxc3 37. bxc3 h5 38. Qxh5 f5 39. a5 Kc6 40. Qf7 e5 41. Qxf5 Kc5 42. g3 Bc1 43. Qxe5+ Kxc4 44. Qd4+ Kb3 45. Qb4+ Ka2 46. c4 Be3 47. a6 Bd4 48. c5 Be3 49. a7 Bxc5 50. a8=R+ Ba7 51. Rxa7# 1-0

[Event "November 21 Early 2023"]
[Site "https://www.chess.com"]
[Date "2023.11.21"]
[Round "11"]
[White "Mushini Ajay"]
[Black "Rian, Kapriaga"]
[Result "1-0"]
[Board "117"]
[TimeControl "180+1"]
[WhiteFideId "35066188"]
[BlackFideId "7103263"]
[WhiteElo "2162"]
[BlackElo "2320"]
[WhiteTeam "IND"]
[BlackTeam "INA"]
[WhiteClock "0:00:17"]
[BlackClock "0:00:00"]

1. e4 c6 2. Nf3 d5 3. Nc3 Bg4 4. h3 Bxf3 5. Qxf3 Nf6 6. e5 Nfd7 7. e6 fxe6 8. d4 e5 9. dxe5 Nxe5 10. Qh5+ Nf7 11. Bd3 e5 12. Bg5 Qxg5 13. Qe2 e4 14. O-O Be7 15. Nxe4 dxe4 16. Qxe4 Nd7 17. f4 Qc5+ 18. Kh1 Nf6 19. Qe2 O-O 20. b4 Qd6 21. Rad1 Qc7 22. a3 Bd6 23. Qf3 Rae8 24. Bc4 Kh8 25. Bb3 Nh6 26. c4 b6 27. Bc2 a5 28. g4 Nfxg4 29. hxg4 Bxf4 30. g5 Nf5 31. g6 Ng3+ 32. Kg2 Nxf1 33. Rxf1 h6 34. Be4 c5 35. Bd5 Qe5 36. Bf7 Bg5 37. Rf2 Rd8 38. Re2 Qd4 39. Re4 Qd2+ 40. Re2 Qf4 41. Qxf4 Bxf4 42. bxc5 bxc5 43. Kf3 Bg5 44. Ke4 Rd4+ 45. Ke5 Bf6+ 46. Ke6 Rxc4 47. Kd6 Ra4 48. Kxc5 Rxa3 49. Kd6 a4 50. Ke6 Rc3 51. Rb2 a3 52. Rb7 Re3+ 53. Kd5 a2 54. Ra7 1-0

[Event "November 21 Early 2023"]
[Site "https://www.chess.com"]
[Date "2023.11.21"]
[Round "11"]
[White "Su, Dion"]
[Black "Cardozo Munar, Carlos Eduardo"]
[Result "0-1"]
[Board "118"]
[TimeControl "180+1"]
[WhiteFideId "2029731"]
[BlackFideId "4409477"]
[WhiteElo "2398"]
[BlackElo "2067"]
[WhiteTeam "USA"]
[BlackTeam "COL"]
[WhiteClock "0:00:03"]
[BlackClock "0:00:34"]

1. e4 e6 2. d4 d5 3. Nd2 c5 4. Ngf3 cxd4 5. Nxd4 Nc6 6. Bb5 Qb6 7. Nxc6 bxc6 8. Bd3 Nf6 9. O-O Ba6 10. Qe2 Bxd3 11. cxd3 a5 12. Kh1 a4 13. e5 Nd7 14. f4 g6 15. Nf3 Bg7 16. Be3 Qb5 17. Rfc1 O-O 18. Nd4 Qb7 19. Nxc6 h5 20. Rc2 a3 21. b3 Kh7 22. Rac1 Rfc8 23. g4 hxg4 24. Qxg4 Nf8 25. Qh3+ Kg8 26. Ne7+ Qxe7 27. Rxc8 Rxc8 28. Rxc8 Qb4 29. Qf1 d4 30. Rxf8+ Kxf8 31. Bf2 Qd2 32. Bxd4 Qxa2 33. Qc1 Kg8 34. Bc5 Bh6 35. Bxa3 Qxb3 36. Bd6 Qxd3 37. Kg2 Kh7 38. Qc7 Qe4+ 39. Kg1 Qxf4 40. Qe7 Bg5 41. Qf8 Bh4 42. Be7 Qf2+ 0-1

[Event "November 21 Early 2023"]
[Site "https://www.chess.com"]
[Date "2023.11.21"]
[Round "11"]
[White "Ambrogi, Agustin"]
[Black "Malikova777"]
[Result "1-0"]
[Board "119"]
[TimeControl "180+1"]
[WhiteFideId "170933"]
[WhiteElo "2214"]
[BlackElo "2311"]
[WhiteTeam "ARG"]
[WhiteClock "0:00:19"]
[BlackClock "0:00:14"]

1. e4 c5 2. Nc3 d6 3. f4 g6 4. Nf3 Bg7 5. Bc4 Nf6 6. d3 O-O 7. O-O a6 8. Qe1 Bg4 9. f5 Bxf3 10. Rxf3 Nbd7 11. Qh4 Ne5 12. Rh3 Nxc4 13. dxc4 Re8 14. Bg5 b5 15. Bxf6 exf6 16. Qxh7+ Kf8 17. fxg6 fxg6 18. Qxg6 Qe7 19. Rf1 Qf7 20. Qh7 Qxc4 21. Rg3 Ra7 22. Nd5 Qd4+ 23. Kh1 Re6 24. h4 Rf7 25. Rg4 Qc4 26. Rgf4 Qd4 27. h5 Ke8 28. h6 Bf8 29. Qg6 Qe5 30. h7 Bg7 31. Nxf6+ Rxf6 32. Rxf6 Bxf6 33. Rxf6 Qxf6 34. Qxf6 Rxf6 35. h8=Q+ Rf8 36. Qg7 Rf7 37. Qh8+ Kd7 38. Qa8 Rh7+ 39. Kg1 Re7 40. Qxa6 Ke6 41. Qxb5 Ke5 42. Qc4 Re6 43. Qd5+ Kf6 44. a4 Ke7 45. a5 Re5 46. a6 Rxd5 47. exd5 Kf6 48. a7 Ke5 49. a8=Q Kd4 50. Kf2 c4 51. Ke2 c3 52. bxc3+ Ke5 53. Ke3 Kf5 54. Qe8 Kf6 55. Qe6+ Kg5 56. g4 Kh4 57. Kf4 Kh3 58. Qe2 Kh4 59. Qh2# 1-0

[Event "November 21 Early 2023"]
[Site "https://www.chess.com"]
[Date "2023.11.21"]
[Round "11"]
[White "Nekoo04"]
[Black "MIss_MIaMI"]
[Result "0-1"]
[Board "121"]
[TimeControl "180+1"]
[WhiteElo "2296"]
[BlackElo "2373"]
[WhiteClock "0:00:00"]
[BlackClock "0:00:12"]

1. d4 c5 2. d5 g6 3. c4 Bg7 4. Nc3 Bxc3+ 5. bxc3 Qa5 6. Qc2 f5 7. Bd2 e5 8. e4 d6 9. f4 fxe4 10. Qxe4 Bf5 11. Qe2 Qc7 12. Nf3 e4 13. Ng5 Nf6 14. h3 h6 15. Nf3 Qe7 16. Nh4 h5 17. g3 Nbd7 18. Bg2 O-O-O 19. O-O Rde8 20. Rfe1 Nb6 21. a4 Kb8 22. a5 Nc8 23. Kh2 Qd7 24. Be3 Ka8 25. Ra3 Re7 26. Rb1 Qc7 27. Bf1 Rhe8 28. Qb2 Qb8 29. Be2 Qc7 30. Bd1 Rg8 31. a6 b6 32. Ba4 Kb8 33. Bc6 Bd7 34. Bxd7 Rxd7 35. Qf2 Rf7 36. Ra2 Ne7 37. f5 g5 38. Ng2 g4 39. h4 Nd7 0-1

[Event "November 21 Early 2023"]
[Site "https://www.chess.com"]
[Date "2023.11.21"]
[Round "11"]
[White "Dishman, Stephen"]
[Black "Quirke, Jeffrey"]
[Result "1-0"]
[Board "122"]
[TimeControl "180+1"]
[WhiteFideId "403024"]
[BlackFideId "2013029"]
[WhiteElo "2204"]
[BlackElo "2234"]
[WhiteTeam "ENG"]
[BlackTeam "USA"]
[WhiteClock "0:00:14"]
[BlackClock "0:00:00"]

1. d4 Nf6 2. Bg5 c5 3. d5 Ne4 4. Bf4 e6 5. f3 Bd6 6. Bxd6 Nxd6 7. e4 e5 8. c4 O-O 9. Nc3 f5 10. Bd3 a6 11. a4 Qa5 12. Ra3 fxe4 13. fxe4 Nf7 14. Nf3 d6 15. O-O Bg4 16. Rb3 Qc7 17. Qe1 Bxf3 18. Rxf3 Nd7 19. Qg3 Kh8 20. Ra3 Nf6 21. Qh4 Qe7 22. Qf2 Nh6 23. h3 Nhg8 24. Ra1 Nh5 25. Rf1 Rxf3 26. Qxf3 Nf4 27. Ne2 Nxe2+ 28. Bxe2 Nf6 29. g4 Qc7 30. g5 Ng8 31. Qf7 Qb6 32. Bg4 Qxb2 33. Bf5 Qd4+ 34. Kg2 Qxc4 35. Qh5 h6 36. Qg6 1-0

[Event "November 21 Early 2023"]
[Site "https://www.chess.com"]
[Date "2023.11.21"]
[Round "11"]
[White "campochess"]
[Black "Tarasova, Viktoriya"]
[Result "1-0"]
[Board "123"]
[TimeControl "180+1"]
[BlackFideId "4175840"]
[WhiteElo "2217"]
[BlackElo "2182"]
[BlackTeam "RUS"]
[WhiteClock "0:00:27"]
[BlackClock "0:00:00"]

1. Nf3 Nf6 2. b3 d5 3. Bb2 b6 4. e3 Bb7 5. Ne5 e6 6. Bb5+ c6 7. Be2 Bd6 8. f4 O-O 9. O-O Nbd7 10. d4 Ne4 11. Nxd7 Qxd7 12. Nd2 Nxd2 13. Qxd2 f5 14. Rf2 Kh8 15. Kh1 Rg8 16. Rg1 Be7 17. g4 fxg4 18. Rxg4 Raf8 19. Rfg2 Bf6 20. Bd3 g6 21. Ba3 Rf7 22. Qf2 Qc7 23. Bb4 c5 24. Bc3 c4 25. bxc4 dxc4 26. Be2 h5 27. Rg3 Bxg2+ 28. Qxg2 Rfg7 29. Bf3 Qf7 30. Be4 g5 31. f5 g4 32. fxe6 Qxe6 33. Bd5 Qf5 34. e4 Qf4 35. Bd2 Qc7 36. e5 Bh4 37. Bxg8 Bxg3 38. Qxg3 Kxg8 39. d5 Qb7 40. Qg2 Rf7 41. Qe4 Kf8 42. e6 Rf2 43. Bb4+ Kg8 44. Qg6+ Qg7 45. Qe8+ Kh7 46. Qxh5+ Qh6 47. Qf7+ Qg7 48. Qh5+ Qh6 49. Qxh6+ Kxh6 50. d6 1-0

[Event "November 21 Early 2023"]
[Site "https://www.chess.com"]
[Date "2023.11.21"]
[Round "11"]
[White "Matveeva, Olga"]
[Black "udithj22"]
[Result "0-1"]
[Board "124"]
[TimeControl "180+1"]
[WhiteFideId "24107018"]
[WhiteElo "1883"]
[BlackElo "2129"]
[WhiteTeam "RUS"]
[WhiteClock "0:00:11"]
[BlackClock "0:00:18"]

1. d4 Nf6 2. c4 c5 3. d5 b5 4. cxb5 a6 5. bxa6 g6 6. Nc3 Bg7 7. g3 O-O 8. Bg2 d6 9. Nf3 Nfd7 10. O-O Nb6 11. e4 Bxa6 12. Re1 N8d7 13. Bf4 Nc4 14. Qc2 Qa5 15. Bd2 Rfb8 16. Rab1 Nxd2 17. Nxd2 Ne5 18. Bf1 Qb4 19. a3 Qd4 20. Kg2 Bd3 21. Bxd3 Nxd3 22. Re2 Nxb2 23. Rxb2 Rxb2 24. Qxb2 Qxc3 25. Qb7 Qxa3 26. Qxe7 Qd3 27. Qb7 Ra3 28. Re3 Qa6 29. Qb8+ Bf8 30. Rxa3 Qxa3 31. Nc4 Qa6 32. e5 Qxc4 33. exd6 Qxd5+ 34. Kg1 Qxd6 35. Qc8 Qd4 36. h4 c4 37. Kg2 Qd3 38. h5 c3 39. h6 c2 0-1

[Event "November 21 Early 2023"]
[Site "https://www.chess.com"]
[Date "2023.11.21"]
[Round "11"]
[White "Sadubayev, Airat"]
[Black "Semenova, Alina"]
[Result "1-0"]
[Board "125"]
[TimeControl "180+1"]
[WhiteFideId "13713264"]
[BlackFideId "24113875"]
[WhiteElo "2137"]
[BlackElo "1827"]
[WhiteTeam "KAZ"]
[BlackTeam "RUS"]
[WhiteClock "0:00:57"]
[BlackClock "0:00:35"]

1. d4 d5 2. c4 e6 3. Nf3 Nf6 4. Nc3 Be7 5. Bf4 O-O 6. e3 Nbd7 7. c5 c6 8. b4 Nh5 9. Bg3 Nxg3 10. hxg3 Bf6 11. Bd3 g6 12. a4 e5 13. Qc2 e4 14. Bxe4 dxe4 15. Nxe4 Re8 16. Nd6 Re6 17. O-O-O Be7 18. Nc4 b5 19. axb5 cxb5 20. Na5 Ra6 21. Kb2 Qc7 22. Qe4 Rb8 23. Qxe7 Rxa5 24. Qe8+ Kg7 25. Rxh7+ Kxh7 26. Rh1+ Kg7 27. Qh8# 1-0

[Event "November 21 Early 2023"]
[Site "https://www.chess.com"]
[Date "2023.11.21"]
[Round "11"]
[White "Seletsky, Grigory"]
[Black "Figorito, Nick"]
[Result "1-0"]
[Board "126"]
[TimeControl "180+1"]
[WhiteFideId "14112191"]
[BlackFideId "30923689"]
[WhiteElo "2482"]
[BlackElo "2368"]
[WhiteTeam "UKR"]
[BlackTeam "USA"]
[WhiteClock "0:01:58"]
[BlackClock "0:01:04"]

1. b3 Nf6 2. Bb2 g6 3. Bxf6 exf6 4. d4 Bg7 5. e3 O-O 6. g3 d5 7. Bg2 c6 8. Ne2 f5 9. O-O Nd7 10. c4 dxc4 11. bxc4 Nf6 12. Nd2 Be6 13. Rb1 Rb8 14. Qc2 Qa5 15. Nb3 Qc7 16. Rfc1 Qe7 17. Nf4 Ne4 18. Bxe4 fxe4 19. Qxe4 Rbe8 20. Nxe6 fxe6 21. c5 Qf7 22. f4 g5 23. Nd2 gxf4 24. gxf4 Kh8 25. Nf3 Rg8 26. Kh1 Re7 27. Rg1 Qh5 28. Rg5 Qh6 29. Rbg1 Rb8 30. R1g4 Qh3 31. Rh4 Qf1+ 32. Rg1 1-0